 Dungeon Sprint DCSS version 0.24-a0-698-g60d090ba07 (webtiles) character file.

300 kae the Bludgeoner (level 9, -11/92 HPs)
             Began as a Minotaur Fighter on Jan 18, 2017.
             Was an Elder of Okawaru.
             Mangled by Aizul (54 damage)
             ... in the Dungeon (Sprint VI: "Thunderdome") on Nov 18, 2021.
             The game lasted 00:02:39 (625 turns).

kae the Bludgeoner (Minotaur Fighter)                Turns: 625, Time: 00:02:40

Health: -11/92     AC: 10    Str: 22      XL:     9   Next: 13%
Magic:  6/8        EV: 12    Int:  7 (8)  God:    Okawaru [****..]
Gold:   465        SH:  0    Dex: 16      Spells: 8/8 levels left

rFire    . . .     SeeInvis +   s - +0 whip (flame)
rCold    + + .     Gourm    .   c - +0 shield
rNeg     + . .     Faith    .   b - +0 scale mail
rPois    .         Spirit   .   (helmet restricted)
rElec    .         Reflect  .   (no cloak)
rCorr    .         Harm     .   (no gloves)
MR       +....     Rnd*Rage +   (no boots) Stlth +++.......NoTele +
                                q - amulet of Intercession {-Tele *Drain Regen+ Dex+8}
HPRegen  0.65/turn              p - ring of Michikh {rC+ rN+ MR+}
MPRegen  0.11/turn              r - ring of the Ageless Lives {rC+ Str+2 Int+3 SInv Stlth+}

@: lethally poisoned (-11 -> -12), sleeping, heroism
A: retaliatory headbutt, horns 2, berserk 1, clumsy 1, deterioration 1, low mp
1, screaming 1, weak 2
a: Heroism, Renounce Religion


You were in the Dungeon.
You worshipped Okawaru.
Okawaru was greatly pleased with you.
You were not hungry.

You visited 1 branch You collected 600 gold pieces.
You spent 135 gold pieces at shops.

Inventory:

Hand Weapons
 a - a +0 flail
 s - a +0 whip of flaming (weapon)
Armour
 b - a +0 scale mail (worn)
 c - a +0 shield (worn)
Jewellery
 p - the ring of Michikh (left hand) {rC+ rN+ MR+}
   (You bought it in a shop in the Dungeon)

   [ring of protection from magic]

   It protects you from cold.
   It protects you from negative energy.
   It affects your resistance to hostile enchantments.
 q - the amulet of Intercession (around neck) {-Tele *Drain Regen+ Dex+8}
   (You bought it in a shop in the Dungeon)

   [amulet of regeneration]

   It affects your dexterity (+8).
   It prevents most forms of teleportation.
   It increases your rate of regeneration.
   It causes draining when unequipped.
 r - the ring of the Ageless Lives (right hand) {rC+ Str+2 Int+3 SInv Stlth+}
   (You bought it in a shop in the Dungeon)

   [ring of see invisible]

   It affects your strength (+2).
   It affects your intelligence (+3).
   It protects you from cold.
   It lets you see invisible.
   It makes you more stealthy.
Wands
 m - a wand of acid (5)
 n - a wand of iceblast (5)
Scrolls
 k - 4 scrolls of blinking
 o - 2 scrolls of fog
Potions
 d - a potion of might
 e - a potion of curing
 g - 4 potions of heal wounds
 h - 4 potions of haste
 i - 2 potions of magic
 j - a potion of berserk rage
 l - a potion of resistance
Comestibles
 f - a ration


   Skills:
 + Level 12.6(17.6) Fighting
 * Level 16.5(21.5) Maces & Flails
 + Level 12.6(17.6) Armour
 - Level 3.6(8.6) Shields
 + Level 1.8 Invocations


You had 8 spell levels left.
You didn't know any spells.
Your spell library was empty.

Dungeon Overview and Level Annotations

Branches:
Dungeon (1/1)

Altars:
Cheibriados
Dithmenos
Fedhas
Gozag
Kikubaaqudgha
Makhleb
Okawaru
Qazlal
Ru
Sif Muna
Trog
Uskayaw
Vehumet
Xom
Yredelemnul
Zin
The Shining One
Beogh
Jiyva
Lugonu

Shops:
D *[%??*?*:[((!!!!

Annotations:
D Aizul


Innate Abilities, Weirdness & Mutations

You reflexively headbutt those who attack you in melee.
You have a pair of horns on your head.
You tend to lose your temper in combat.
You are clumsy. (Dex -2)
Your body sometimes deteriorates upon taking damage.
Your magical capacity is low. (-10% MP)
You occasionally shout uncontrollably at your foes.
You are very weak. (Str -4)


Message History

ROUND 5!
BOSS ROUND!
Aizul the Neglectful Guardian comes into view.
Aizul shouts!
Aizul is nearby!
Aizul is nearby!
You recover from your berserk rage.
Aizul casts a spell at you. The poison arrow hits you!!!
You are poisoned.
You gain the combat prowess of a mighty hero.
You feel sick. Aizul hits you!
Your body deteriorates!
You feel dopey.
You hit Aizul. You burn Aizul. You headbutt Aizul, but do no damage.
Aizul is lightly wounded.
Aizul coils herself and waves her upper body at you.
You fall asleep.
You feel sick. Aizul closely misses you.
You feel sick. Aizul hits you!!!
Ouch! That really hurt!
You die...

###∩.......[8.#
#.8........∩###
##∩__......÷###......___∩##
######.8..)......8.######
#⌠...........⌠#
###.........### #.........#
#_........# #_......._#
#∩...@...∩# ##∩..S..∩##
##.....## ##§⌠⌠## #####


You could see Aizul.

Vanquished Creatures
  Pikel (D)
  2 rime drakes (D)
  7 neqoxecs (D)
  2 ice beasts (D)
  A big kobold (D)
  Jessica (D)
  Terence (D)
  A worker ant (D)
  A worm (D)
  2 goblins (D)
  2 hobgoblins (D)
  A bat (D)
  A bat simulacrum (D)
  A giant cockroach simulacrum (D)
  A rat (D)
25 creatures vanquished.

Notes
Turn   | Place    | Note
-------+----------+-------------------------------------------
     0 | D        | kae the Minotaur Fighter began the quest for the Orb.
     0 | D        | Reached XP level 1. HP: 19/19 MP: 0/0
     0 | D        | Found a glowing golden altar of the Shining One.
     0 | D        | Found an ancient bone altar of Kikubaaqudgha.
     4 | D        | Found a viscous altar of Jiyva.
     4 | D        | Found a deep blue altar of Sif Muna.
     5 | D        | Found a snail-covered altar of Cheibriados.
     5 | D        | Found a shimmering altar of Xom.
     5 | D        | Round 1.
     6 | D        | Found Nuvegrum's Bee Food.
     6 | D        | Found an iron altar of Okawaru.
     6 | D        | Found Ipupnatt's Identification Station.
     7 | D        | Found Ytuproec's Jewellery.
     7 | D        | Found Natyb's Advanced Armour.
    15 | D        | Bought a faintly glowing platinum ring for 45 gold pieces
    15 | D        | Bought a shimmering ruby amulet for 45 gold pieces
    15 | D        | Bought a bound platinum ring for 45 gold pieces
    15 | D        | Identified the ring of Michikh {rC+ rN+ MR+} (You bought it
                  | in a shop in the Dungeon)
    16 | D        | Identified the amulet of Intercession {-Tele *Drain Regen+
                  | Dex+8} (You bought it in a shop in the Dungeon)
    17 | D        | Identified the ring of the Ageless Lives {rC+ Str+2 Int+3
                  | SInv Stlth+} (You bought it in a shop in the Dungeon)
    26 | D        | Became a worshipper of Warmaster Okawaru
    34 | D        | Reached skill level 3 in Maces & Flails
    43 | D        | Found a radiant altar of Vehumet.
    43 | D        | Found a roughly hewn altar of Beogh.
    43 | D        | Found Fanoust's Premium Goods.
    43 | D        | Found Okher's Miscellaneous Merchandise.
    44 | D        | Found Juos's Basic Armour.
    49 | D        | Found Ruipy's Weapon Rack.
    49 | D        | Found a glowing silver altar of Zin.
    60 | D        | Found a bloodstained altar of Trog.
    62 | D        | Found a hide-covered altar of Uskayaw.
    62 | D        | Found a stormy altar of Qazlal.
    62 | D        | Found Sas Bate's Do-It-Yourself Clinic.
    62 | D        | Found Xied's Bottled Wisdom.
    63 | D        | Found Fumokya's Distillery.
    68 | D        | Found Ynerhyaq's Distillery.
    68 | D        | Found a burning altar of Makhleb.
    68 | D        | Found a corrupted altar of Lugonu.
    68 | D        | Found a shadowy altar of Dithmenos.
    79 | D        | Found a sacrificial altar of Ru.
    81 | D        | Found a blossoming altar of Fedhas.
    81 | D        | Found an opulent altar of Gozag.
    81 | D        | Found Lytow's Staff Store.
    81 | D        | Found Vegaizae's Must-Have Magic.
    82 | D        | Found Hurghuigh's Magic Scroll Shop.
    87 | D        | Found Fan Piod's Magic Scroll Shop.
    87 | D        | Found a basalt altar of Yredelemnul.
    87 | D        | Noticed a worker ant
    92 | D        | Killed a worker ant
    92 | D        | Reached skill level 5 in Maces & Flails
    92 | D        | Reached skill level 5 in Armour
    92 | D        | Reached XP level 2. HP: 18/28 MP: 1/1
   115 | D        | Reached skill level 5 in Fighting
   150 | D        | Noticed Jessica
   156 | D        | Noticed Terence
   158 | D        | Killed Jessica
   158 | D        | Reached skill level 6 in Maces & Flails
   158 | D        | Reached XP level 3. HP: 36/36 MP: 2/2
   167 | D        | Killed Terence
   167 | D        | Arena points: 14 (+14) [x2]
   167 | D        | Reached skill level 7 in Maces & Flails
   167 | D        | Reached XP level 4. HP: 44/44 MP: 3/3
   197 | D        | Round 2.
   207 | D        | Noticed Pikel
   218 | D        | Noticed a big kobold
   218 | D        | Killed Pikel
   218 | D        | Reached * piety under Okawaru
   218 | D        | Reached skill level 12 in Maces & Flails
   218 | D        | Reached XP level 5. HP: 49/58 MP: 4/4
   218 | D        | Reached XP level 6. HP: 55/66 MP: 5/5
   218 | D        | Reached XP level 7. HP: 60/71 MP: 6/6
   224 | D        | Reached ** piety under Okawaru
   224 | D        | Reached skill level 10 in Fighting
   224 | D        | Reached skill level 13 in Maces & Flails
   224 | D        | Reached skill level 10 in Armour
   237 | D        | Arena points: 56 (+42) [x3]
   271 | D        | Round 3.
   298 | D        | Noticed a rime drake
   307 | D        | Killed a rime drake
   307 | D        | Reached skill level 14 in Maces & Flails
   339 | D        | Reached XP level 8. HP: 82/82 MP: 7/7
   353 | D        | Noticed a rime drake
   361 | D        | Killed a rime drake
   361 | D        | Reached *** piety under Okawaru
   361 | D        | Arena points: 140 (+84) [x4]
   361 | D        | Reached skill level 15 in Maces & Flails
   406 | D        | Round 4.
   423 | D        | Gained mutation: Your magical capacity is low. (-10% MP) [a
                  | neqoxec]
   445 | D        | Gained mutation: You occasionally shout uncontrollably at
                  | your foes. [a neqoxec]
   449 | D        | Gained mutation: You are weak. (Str -2) [a neqoxec]
   469 | D        | Gained mutation: You are clumsy. (Dex -2) [a neqoxec]
   472 | D        | Reached **** piety under Okawaru
   472 | D        | Reached skill level 16 in Maces & Flails
   488 | D        | Gained mutation: You tend to lose your temper in combat. [a
                  | neqoxec]
   495 | D        | Gained mutation: Your body sometimes deteriorates upon
                  | taking damage. [a neqoxec]
   497 | D        | Reached XP level 9. HP: 81/91 MP: 7/7
   545 | D        | Reached skill level 1 in Invocations
   566 | D        | Gained mutation: You are very weak. (Str -4) [a neqoxec]
   576 | D        | Arena points: 300 (+160) [x5]
   619 | D        | Round 5.
   619 | D        | Noticed Aizul
   625 | D        | Mangled by Aizul

Levels and vault maps discovered:
D:        arena_sprint

Skill      XL: |  1  2  3  4  5  6  7  8  9 |
---------------+----------------------------+-----
Maces & Flails | 5 6 7 12 14 16 | 16.5
Fighting       | 4 5 6 9 11 12 | 12.6
Armour         | 5 6 9 11 12 | 12.6
Invocations    | 1 |  1.8
Shields        | |  3.6

Action                   |  1- 3 |  4- 6 |  7- 9 || total
-------------------------+-------+-------+-------++-------
Melee: Flail             |    18 |     8 |     6 ||    32
       Headbutt          |     5 |     3 |    26 ||    34
       Whip              |       |       |    73 ||    73
Invok: Heroism           |       |       |     1 ||     1
  Use: Scroll            |       |       |     1 ||     1
Armor: Scale mail        |     4 |     2 |    22 ||    28
Dodge: Dodged            |     1 |     2 |    12 ||    15
Block: Shield            |     8 |     1 |    23 ||    32

Table legend:
 A = Non-vault XP
 B = Vault XP
 C = Vault XP percentage of total XP
 D = Non-vault monster count
 E = Vault monster count
 F = Vault count percentage of total count
                 A         B        C        D         E       F
            +---------+---------+-------+---------+---------+-------
      Total |    2290 |       0 |   0.0 |      13 |       0 |   0.0
            +---------+---------+-------+---------+---------+-------
          D |    2290 |       0 |   0.0 |      13 |       0 |   0.0
            +---------+---------+-------+---------+---------+-------
